 Dungeon Crawl Stone Soup version 0.32-a0-391-gce5c0aa (webtiles) character file.

Game seed: 16627438340983979742

151 sdynet the Trooper (level 5, 0/44 HPs)
             Began as a Coglin Warper on Feb 19, 2024.
             Was an Initiate of Wu Jian.
             Incinerated by a bombardier beetle (2 damage)
             ... with a burning spray
             ... on level 3 of the Dungeon.
             The game lasted 00:04:34 (1580 turns).

sdynet the Trooper (Coglin Warper)                  Turns: 1580, Time: 00:04:34

Health: 0/44       AC:  6    Str: 12    XL:     5   Next: 33%
Magic:  16/16      EV: 11    Int: 14    God:    Wu Jian [......]
Gold:   65         SH:  0    Dex: 13    Spells: 3/7 levels left

rFire   . . .        e - +0 whip (elec) {Zorawar}
rCold   . . .        h - +2 whip (elec) {Appius}
rNeg    . . .        b - +0 leather armour
rPois   .            (no helmet)
rElec   .            (no cloak)
rCorr   .            m - +2 pair of gloves
SInv    .            (no boots)
Will    .....        (no amulet)
Stlth   +            l - ring of magical power
HPRegen 0.27/turn    (no ring)
MPRegen 0.15/turn

%: no passive effects
@: brilliant, on fire, glowing, revving, stiff-legged, very slow
A: off-hand wielding, slow wielding, warmup strikes, warmup strides
a: Renounce Religion


You were on level 3 of the Dungeon.
You worshipped Wu Jian.
Wu Jian was noncommittal.
You visited 1 branch of the dungeon, and saw 3 of its levels.

You collected 65 gold pieces.

Inventory:

Hand Weapons
 a - a +0 falchion {Tertia}
 e - a +0 whip of electrocution (weapon) {Zorawar}
 g - a +1 short sword of speed {Jihoo}
 h - a +2 whip of electrocution (worn) {Appius}
Missiles
 d - 6 darts of dispersal (quivered)
Armour
 b - a +0 leather armour (worn)
 m - a +2 pair of gloves (worn)
Jewellery
 l - a ring of magical power (left grasper)
Scrolls
 c - 2 scrolls of blinking
 f - a scroll of teleportation {unknown}
 j - a scroll of fog {unknown}
 k - a scroll of torment {unknown}
 n - 2 scrolls of identify {unknown}


   Skills:
 + Level 5.0 Fighting
 - Level 2.0 Long Blades
 - Level 1.0 Throwing
 - Level 1.0 Armour
 - Level 2.0 Dodging
 - Level 1.0 Stealth
 - Level 1.7 Spellcasting
 - Level 3.0 Translocations


You had 3 spell levels left.
You knew the following spells:

 Your Spells              Type           Power      Damage    Failure   Level
a - Lesser Beckoning      Tloc           28%        N/A       14%         2
q - Blink                 Tloc           28%        N/A       14%         2

Your spell library contained the following spells:

 Spells                   Type           Power      Damage    Failure   Level
 Teleport Other           Tloc           14%        N/A       26%         3
 Ensorcelled Hibernation  Hex/Ice        2%         N/A       43%         2
 Volatile Blastmotes      Fire/Tloc      16%        2d11      45%         3
 Passwall                 Erth           1%         N/A       67%         3
 Swiftness                Air            1%         N/A       67%         3
 Manifold Assault         Tloc           14%        N/A       65%         4
 Iskenderun's Mystic Bla  Conj/Tloc      8%         2d4       86%         4
 Vhi's Electric Charge    Tloc/Air       16%        N/A       86%         4
 Fulminant Prism          Conj/Alch      0%         3d5       97%         4


Dungeon Overview and Level Annotations

Branches:
Dungeon (3/15)

Altars:
Wu Jian

Shops:
D:1 (


Innate Abilities, Weirdness & Mutations

You can wield a second weapon in your off-hand.
It takes a long time for you to wield or remove held weapons.
Your first few attacks do less damage.
Your first movements take longer.


Message History

The bombardier beetle sprays incendiary fluid at you.
The burning spray hits you.
You are covered in liquid fire!
You shake off some of the fire as you move.
The liquid fire burns you!
You hit the bombardier beetle but do no damage.
You closely miss the bombardier beetle with your +0 whip of electrocution.
The liquid fire burns you!
The bombardier beetle closely misses you.
You closely miss the bombardier beetle with your +0 whip of electrocution.
You barely miss the bombardier beetle with your +2 whip of electrocution.
The liquid fire burns you!
The bombardier beetle sprays incendiary fluid at you.
The burning spray hits you.
You are even more covered in liquid fire!
You barely miss the bombardier beetle with your +0 whip of electrocution.
You hit the bombardier beetle with your +2 whip of electrocution.
The liquid fire burns you!
You whack the bombardier beetle with your +2 whip of electrocution!
The bombardier beetle is severely wounded.
You hit the bombardier beetle but do no damage.
The liquid fire burns you! The bombardier beetle bites you.
You hit the bombardier beetle with your +0 whip of electrocution.
Lightning courses through the bombardier beetle!!
You kill the bombardier beetle!
The Council accepts your kill. The liquid fire burns you!
Your Fighting skill increases to level 5!
You shake off some of the fire as you move.
The liquid fire burns you!
* * * LOW HITPOINT WARNING * * *
Okay, then.
You shake off some of the fire as you move.
The liquid fire burns you!
* * * LOW HITPOINT WARNING * * *
It was a potion of brilliance.
You feel clever all of a sudden. The liquid fire burns you!
You die...

###...........# #
..............## .###
...............# .....
...........<##.#####...#
.............#.#..<....#
........##...#.#.#.#.#...#
.............#.# #.# .. #
.###+#...#.....# #.# .#
#..#@...### #.. #
#...........#..
....>.....#....###.#
#....#....####.....#
#.......#.# .# #....#.....
. #....#.....# #...
#...... ... ##+#...#


There were no monsters in sight!

Vanquished Creatures
  A bombardier beetle (D:3)
  2 adders (D:2)
  A ribbon worm (D:2)
  A dart slug (D:1)
  7 endoplasms
  A giant cockroach (D:1)
  2 goblins (D:1)
  5 hobgoblins
  3 quokkas
  5 ball pythons
  5 bats
  A frilled lizard (D:1)
  8 kobolds
  15 rats
57 creatures vanquished.

Notes
Turn   | Place    | Note
-------+----------+-------------------------------------------
     0 | D:1      | sdynet the Coglin Warper began the quest for the Orb.
     0 | D:1      | Reached XP level 1. HP: 16/16 MP: 3/3
    44 | D:1      | Reached skill level 1 in Throwing
    51 | D:1      | Reached XP level 2. HP: 19/22 MP: 4/4
    91 | D:1      | Found Ystric Haby's Antique Weapon Emporium.
   193 | D:1      | Reached skill level 1 in Stealth
   237 | D:1      | Reached skill level 3 in Fighting
   272 | D:1      | Reached XP level 3. HP: 29/29 MP: 5/5
   450 | D:1      | Learned a level 2 spell: Blink
   453 | D:1      | Learned a level 2 spell: Lesser Beckoning
   791 | D:1      | Reached XP level 4. HP: 34/37 MP: 6/6
   923 | D:2      | Reached skill level 4 in Fighting
  1013 | D:2      | Found an ornate altar of the Wu Jian Council.
  1021 | D:2      | Became a worshipper of the Wu Jian Council
  1199 | D:2      | Reached skill level 1 in Armour
  1455 | D:2      | Reached XP level 5. HP: 41/43 MP: 7/7
  1578 | D:3      | Reached skill level 5 in Fighting
  1579 | D:3      | HP: 2/44 [burnt (6)]
  1580 | D:3      | Incinerated by a bombardier beetle

Illustrated notes

Levels and vault maps discovered:
D:1:      dpeg_arrival_court, layout_basic, serial_shops, shop, minmay_cut_off
D:2:      layout_basic, basic_altar
D:3:      layout_basic, marbit_many_paths

Skill      XL: |  1  2  3  4  5 |
---------------+----------------+-----
Throwing       | 1 |  1.0
Stealth        | 1 |  1.0
Fighting       | 3 4 5 |  5.0
Armour         | 1 |  1.0
Dodging        | 2 |  2.0
Long Blades    | |  2.0
Spellcasting   | |  1.7
Translocations | |  3.0

Action                     |  1- 3 |  4- 6 || total
---------------------------+-------+-------++-------
  Melee: Falchion          |    32 |       ||    32
         Short sword       |    32 |       ||    32
         Whip              |    44 |    87 ||   131
  Throw: Dart              |     1 |       ||     1
Ability: Lunge             |       |     2 ||     2
    Use: Potion            |       |     1 ||     1
   Stab: Sleeping          |     1 |       ||     1
 Armour: Leather armour    |    40 |    29 ||    69
  Dodge: Dodged            |    40 |    23 ||    63

Table legend: (Time is in decaauts)
 A = Elapsed time spent in this place.
 B = Non-inter-level travel time spent in this place.
 C = Inter-level travel time spent in this place.
 D = Time resting spent in this place.
 E = Time spent auto-exploring this place.
 F = Levels seen in this place.
 G = Mean time per level.
                   A        B        C        D        E       F      G
               +--------+--------+--------+--------+--------+-----+--------+
         Total |   1656 |   1494 |    162 |      0 |   1092 |   3 |  552.0 |
       Dungeon |   1656 |   1494 |    162 |      0 |   1092 |   3 |  552.0 |
               +--------+--------+--------+--------+--------+-----+--------+

Top non-repeatable levels by time:
     D:1: 1007 daAuts
     D:2: 619 daAuts
     D:3: 28 daAuts
